 Dungeon Crawl Stone Soup version 0.24.0-13-gcf9b319 (webtiles) character file.

Game seed: 7223966167054478126, levelgen mode: deterministic

54 Bronimir the Shooter (level 3, -1/29 HPs)
             Began as a Centaur Arcane Marksman on Mar 18, 2020.
             Was an Initiate of Okawaru.
             Succumbed to an orc's poison
             ... on level 3 of the Dungeon on Mar 19, 2020.
             The game lasted 00:06:45 (2046 turns).

Bronimir the Shooter (Centaur Arcane Marksman)      Turns: 2046, Time: 00:06:46

Health: -1/29      AC: 12    Str: 13    XL:     3   Next: 66%
Magic:  4/4        EV:  8    Int: 12    God:    Okawaru [......]
Gold:   75         SH:  0    Dex:  9    Spells: 1/4 levels left

rFire    + . .     SeeInvis .   b - +0 spear
rCold    . . .     Gourm    .   (no shield)
rNeg     . . .     Faith    .   e - +0 robe
rPois    .         Spirit   .   (no helmet)
rElec    .         Reflect  .   (no cloak)
rCorr    .         Harm     .   (no gloves)
MR       .....                  j - +0 centaur barding
Stlth    +.........             (no amulet)
HPRegen  0.09/turn              n - ring of protection from fire
MPRegen  0.09/turn              p - +4 ring of protection

@: lethally poisoned (-1 -> -24), very quick
A: large, hooves 3, deformed body, speed 2, tough skin 3
a: Renounce Religion


You were on level 3 of the Dungeon.
You worshipped Okawaru.
Okawaru was noncommittal.
You were not hungry.

You visited 1 branch of the dungeon, and saw 3 of its levels.

You collected 75 gold pieces.

Inventory:

Hand Weapons
 a - a +0 shortbow
 b - a +0 spear (weapon)
 o - a +0 hand axe
Missiles
 c - 31 sling bullets
 d - 27 arrows
 m - 106 stones (quivered)
Armour
 e - a +0 robe (worn)
 j - a +0 centaur barding (worn)
Jewellery
 n - a ring of protection from fire (left hand)
 p - a +4 ring of protection (right hand)
 q - an uncursed ring of flight
Scrolls
 k - 3 scrolls of identify {unknown}
 l - 2 scrolls of teleportation {unknown}
Potions
 i - a potion of flight {unknown}
Comestibles
 f - 2 rations
 r - a chunk of flesh


   Skills:
 + Level 1.7 Fighting
 + Level 0.2(0.3) Axes
 + Level 0.2(0.3) Polearms
 + Level 4.6 Bows
 + Level 1.4 Dodging
 + Level 1.0 Spellcasting
 + Level 2.8 Hexes


You had one spell level left.
You knew the following spells:

 Your Spells              Type           Power        Failure   Level  Hunger
a - Corona                Hex            #......      10%         1    ##.....
b - Slow                  Hex            #.......     14%         2    ###....

Your spell library contained the following spells:

 Spells                   Type           Power        Failure   Level  Hunger
 Inner Flame              Hex/Fire       #.......     45%         3    ####...
 Portal Projectile        Hex/Tloc       #.....       45%         3    ####...
 Cause Fear               Hex            #.........   67%         4    #####..
 Leda's Liquefaction      Hex/Erth       #.........   86%         4    #####..


Dungeon Overview and Level Annotations

Branches:
Dungeon (3/15)

Altars:
Cheibriados
Dithmenos
Okawaru


Innate Abilities, Weirdness & Mutations

You have hooves in place of feet.
Armour fits poorly on your strangely shaped body.
You cover ground very quickly.
You have extremely tough skin. (AC +3)


Message History

You feel very sick. The giant cockroach closely misses you.
The orc closely misses you.
You barely miss the orc.
The orc is heavily wounded.
You feel very sick. The giant cockroach barely misses you.
The orc hits you with a +1 whip of venom.
* * * LOW HITPOINT WARNING * * *
You feel sick.
* * * LOW HITPOINT WARNING * * *
You feel sick.
* * * LOW HITPOINT WARNING * * *
You feel sick.
* * * LOW HITPOINT WARNING * * *
You feel sick.
It was a potion of cancellation.
You feel magically purged.
* * * LOW HITPOINT WARNING * * *
You feel sick. The giant cockroach barely misses you.
It was a potion of magic.
Magic courses through your body.
You die...

#.....##...#...#
##.....#########
###....#.##
#.........#
###.#.#.##..#
..#.#.#.# ..# ##
#.#.#.#.# .. ##..
#.#.#.#.##._
#.#...###.#@.........
......)).os..........
#.........#.###.....#
####.###.##.# .#..##
#.##.# ###># #.##.#
.# #.##.# # #.##..
..####


You could see an orc and a giant cockroach.

Vanquished Creatures
  An ooze (D:1)
  A worm (D:2)
  A dart slug (D:1)
  2 leopard geckos (D:2)
  3 orcs (D:3)
  4 hobgoblins
  4 bats
  4 frilled lizards
  11 goblins
  11 rats
42 creatures vanquished.

Notes
Turn   | Place    | Note
-------+----------+-------------------------------------------
     0 | D:1      | Bronimir the Centaur Arcane Marksman began the quest for
                  | the Orb.
     0 | D:1      | Reached XP level 1. HP: 16/16 MP: 2/2
    33 | D:1      | Reached skill level 3 in Bows
   131 | D:1      | Reached XP level 2. HP: 20/23 MP: 3/3
   491 | D:1      | Reached skill level 4 in Bows
   660 | D:1      | Learned a level 2 spell: Slow
   828 | D:1      | Reached XP level 3. HP: 28/28 MP: 2/4
  1230 | D:2      | Found an iron altar of Okawaru.
  1455 | D:2      | Became a worshipper of Warmaster Okawaru
  1845 | D:2      | Found a faded altar of an unknown god.
  1979 | D:3      | Found a shadowy altar of Dithmenos.
  2014 | D:3      | Found a snail-covered altar of Cheibriados.
  2045 | D:3      | HP: 1/29 [poisoned by an orc]
  2046 | D:3      | Succumbed to an orc's poison

Levels and vault maps discovered:
D:1:      dpeg_arrival_houses_and_road, layout_basic, st_stairs_10
D:2:      layout_loops_ring, kennysheep_okawaru_gauntlet,
          chequers_ecumenical_altar_twisty
D:3:      layout_loops_corners, cheibriados_altar_1, marbit_many_paths,
          biasface_ghost_orc_armoury, uniq_sigmund, uniq_terence, uniq_grinder

Skill      XL: |  1  2 |
---------------+-------+-----
Bows           | 3 4 |  4.6
Fighting       | |  1.7
Axes           | |  0.2
Polearms       | |  0.2
Dodging        | |  1.4
Spellcasting   | |  1.0
Hexes          | |  2.8

Action                   || total
-------------------------++-------
Melee: Spear             ||    50
       Hand axe          ||     6
       Kick              ||     5
 Fire: Shortbow          ||   116
 Cast: Corona            ||     3
  Use: Potion            ||     2
  Eat: Chunk             ||     2
Armor: Robe              ||    38
Dodge: Dodged            ||    63
